 Dungeon Crawl Stone Soup version 0.29-a0-275-g389c0b56f3 (webtiles) character file.

Game seed: 17013171213449042951

37 tilp the Chiller (level 3, 16/16 HPs)
             Began as a Felid Ice Elementalist on Mar 10, 2022.
             Quit the game on level 3 of the Dungeon.
             The game lasted 00:04:00 (3043 turns).

tilp the Chiller (Felid Ice Elementalist)           Turns: 3043, Time: 00:04:00

Health: 16/16      AC:  1    Str:  4    XL:     3   Next: 21%
Magic:  16/16      EV: 17    Int: 18    God:
Gold:   21         SH:  0    Dex: 16    Spells: 3/7 levels left
                                        Lives:  0   Deaths: 1

rFire   . . .      SeeInvis +   (weapon unavailable)
rCold   . . .      Faith    .   (shield unavailable)
rNeg    . . .      Spirit   .   (body armour unavailable)
rPois   .          Reflect  .   (helmet unavailable)
rElec   .          Harm     .   (cloak unavailable)
rCorr   .          Rampage  .   (gloves unavailable)
Will    .....                   (boots unavailable)
Stlth   ++........              (no amulet)
HPRegen 0.05/turn               g - ring of magical power
MPRegen 0.15/turn               (no ring)

@: quick
A: very small, claws 1, fangs 3, see invisible, speed 1, shaggy fur 1, stealthy
paws, no weapons or thrown items, no armour, multi-lived
a: no special abilities


You were on level 3 of the Dungeon.
You visited 1 branch of the dungeon, and saw 3 of its levels.

You collected 137 gold pieces.
You spent 116 gold pieces at shops.

Inventory:

Jewellery
 f - an amulet of regeneration
 g - a ring of magical power (left paw)
Scrolls
 d - a scroll of enchant armour {unknown}
 e - 2 scrolls of identify
 i - a scroll of magic mapping
 j - 2 scrolls of fog
 k - a scroll of fear
Potions
 a - a potion of magic
 b - a potion of curing
 c - a potion of ambrosia


   Skills:
 + Level 1.8 Fighting
 - Level 2.6 Dodging
 - Level 2.6 Stealth
 + Level 2.6 Spellcasting
 * Level 4.5 Ice Magic


You had 3 spell levels left.
You knew the following spells:

 Your Spells              Type           Power      Damage    Failure   Level
a - Freeze                Ice            72%        1d9       2%          1
b - Frozen Ramparts       Ice            36%        1d5       8%          3

Your spell library contained the following spells:

 Spells                   Type           Power      Damage    Failure   Level
 Ozocubu's Armour         Ice            18%        N/A       8%          3
 Conjure Flame            Conj/Fire      2%         6-21      45%         3
 Dazzling Flash           Conj/Hex       4%         N/A       45%         3
 Ignite Poison            Fire/Tmut/Pois 2%         N/A       45%         3
 Hailstorm                Conj/Ice       10%        3d5       56%         4
 Sticky Flame             Conj/Fire      2%         2d3       86%         4
 Agony                    Necr           2%         N/A       99%         5
 Silence                  Hex/Air        1%         N/A       99%         5


Dungeon Overview and Level Annotations

Branches:
Dungeon (3/15)

Altars:
Trog

Shops:
D:1 ?([


Innate Abilities, Weirdness & Mutations

You have sharp claws.
You have razor-sharp teeth.
You have supernaturally acute eyesight. (SInv)
You cover ground quickly. (Speed+)
You are covered in fur. (AC +1)
Your paws help you pounce on unaware monsters.
You are incapable of wielding weapons or throwing items.
You cannot wear armour.
You gain extra lives every three experience levels.


Message History

Confirm with . or Enter, or press ? or * to list all spells.
The spell is extremely dangerous to miscast (9% risk of failure)!
Continue anyway?
Casting: Frozen Ramparts (extremely dangerous; 9% risk of failure)
Press: ? - help, Dir - look around, f - activate The walls around you are covered in ice.
The orc shouts! x2
Unknown command.
Casting: Frozen Ramparts (extremely dangerous; 9% risk of failure)
Confirm with . or Enter, or press ? or * to list all spells.
You don't know that spell.
Unknown command.
Unknown command.
The wall freezes the orc.
The wall freezes the orc.
You kill the orc!
The wall freezes the orc.
The wall freezes the orc.
You kill the orc!
The wall freezes the orc.
The orc throws a boomerang.
The boomerang misses you.
The frozen ramparts melt away.
The orc throws a boomerang.
The boomerang closely misses you.
The orc throws a boomerang.
The boomerang hits you.
Casting: Frozen Ramparts (extremely dangerous; 9% risk of failure)
Confirm with . or Enter, or press ? or * to list all spells.
The spell is extremely dangerous to miscast (9% risk of failure)!
Continue anyway?
Casting: Frozen Ramparts (extremely dangerous; 9% risk of failure)
Press: ? - help, Dir - look around, f - activate The walls around you are covered in ice.
The orc shouts!
The wall freezes the orc.
Unknown command.
The wall freezes the orc.
You kill the orc!
The wall freezes the orc.
The wall freezes the orc.
The orc zaps a wand.
The bolt of acid hits you!!
Ouch! That really hurt!
You die...
You are now level 3!
You rejoin the land of the living...
Are you sure you want to abandon this character and quit the game? (Confirm with "yes".)

.......#.######..<..!#
#.....# ##...#.####
#####.# ##.##.....
.#######.# #.#######
.........# #.# #
########.# ##+## ####
#.# ##...###... ##.#
##.....##...
##.@#####.......#.##
##..)..##..........##
#.......'............
##...#.##............
#...#..#.###....>..#...
#.#....#.# ##.....####.
# ..#.##.# ##...## ##
#.##. #.# ##'## # #. #.
..# #.#


There were no monsters in sight!

Vanquished Creatures
  An orc wizard (D:2)
  2 dart slugs
  6 orcs (D:3)
  5 ball pythons
  An endoplasm (D:1)
  6 goblins
  8 hobgoblins
  3 jackals (D:2)
  3 kobolds
  3 bats
  3 frilled lizards (D:1)
  A rat (D:2)
42 creatures vanquished.

Notes
Turn   | Place    | Note
-------+----------+-------------------------------------------
     0 | D:1      | tilp the Felid Ice Elementalist began the quest for the
                  | Orb.
     0 | D:1      | Reached XP level 1. HP: 7/7 MP: 4/4
   602 | D:1      | Found Xeemm's Magic Scroll Shoppe.
   697 | D:1      | Reached XP level 2. HP: 12/12 MP: 4/6
   892 | D:1      | Found a faded altar of an unknown god.
   955 | D:1      | Found Taukk's Armour Shop.
  1050 | D:1      | Found Kainaxae's Weapon Shop.
  1145 | D:1      | Reached skill level 4 in Ice Magic
  1408 | D:1      | Bought a scroll of magic mapping for 45 gold pieces
  1490 | D:2      | Found a bloodstained altar of Trog.
  1507 | D:2      | Reached skill level 1 in Fighting
  1860 | D:2      | Reached XP level 3. HP: 15/15 MP: 7/7
  1864 | D:2      | Learned a level 3 spell: Frozen Ramparts
  2450 | D:1      | Bought a scroll of fear for 45 gold pieces
  2654 | D:1      | Bought a scroll of fog for 26 gold pieces
  2829 | D:2      | Reached XP level 4. HP: 18/19 MP: 8/8
  3042 | D:3      | Killed from afar by an orc
  3043 | D:3      | Reached XP level 3. HP: -1/16 MP: 12/16
  3043 | D:3      | Quit the game

Illustrated notes

Levels and vault maps discovered:
D:1:      dpeg_arrival_three_same_balls, layout_loops_corners, serial_shops,
          shop, nicolae_diamond_shop, shop,
          hellmonk_ecumenical_altar_leap_of_faith
D:2:      layout_loops_ring, basic_altar, hangedman_abyss_or_decor_stabs
D:3:      layout_loops_corners, minmay_crystal_room, grunt_ministairs_15,
          kennysheep_pointless_box

Skill      XL: |  1  2 |
---------------+-------+-----
Ice Magic      | 4 |  4.5
Fighting       | 1 |  1.8
Dodging        | |  2.6
Stealth        | |  2.6
Spellcasting   | |  2.6

Action                   |  1- 3 |  4- 6 || total
-------------------------+-------+-------++-------
Melee: Unarmed           |    17 |     2 ||    19
       Bite              |     3 |     1 ||     4
 Cast: Freeze            |    38 |     2 ||    40
       Frozen Ramparts   |     5 |     3 ||     8
  Use: Scroll            |     6 |       ||     6
 Stab: Sleeping          |     6 |     1 ||     7
Armor: Skin              |     1 |       ||     1
Dodge: Dodged            |    24 |     3 ||    27

Table legend: (Time is in decaauts)
 A = Elapsed time spent in this place.
 B = Non-inter-level travel time spent in this place.
 C = Inter-level travel time spent in this place.
 D = Time resting spent in this place.
 E = Time spent auto-exploring this place.
 F = Levels seen in this place.
 G = Mean time per level.
                   A        B        C        D        E       F      G
               +--------+--------+--------+--------+--------+-----+--------+
         Total |   2702 |   2485 |    217 |    228 |   1938 |   3 |  900.7 |
       Dungeon |   2702 |   2485 |    217 |    228 |   1938 |   3 |  900.7 |
               +--------+--------+--------+--------+--------+-----+--------+

Top non-repeatable levels by time:
     D:1: 1539 daAuts
     D:2: 808 daAuts
     D:3: 354 daAuts
